Unix NetHack Version 7.0.0 - last build Mar 12 2022 20:29:05 (3e552d7a6012eb4ccae7a6f08a5c0eed5a132a94). Game began 2022-03-15 20:55:24, ended 2022-03-15 21:11:38. Umbire, lawful female dwarven Valkyrie ########## -------------- #------ |............. #|....| |............| ----- #|....| |............| --------- |...- #|....| --------|----- |.......-####....| ## #|....| # |.......| # |..<+#####-...h.# ### |.......+ |...| |..f.|# # |.......| ----- ------# # -|------- # # ################# # ## #### # # ##########0############ ##---------.--- - #|.....>.......| #|.............| #..............| --------------- Umbire the Stripling St:18/01 Dx:10 Co:16 In:9 Wi:13 Ch:8 Lawful S:193 Dlvl:3 $:45 HP:0(18) Pw:3(3) AC:5 Xp:1/12 T:769 Latest messages: There are a few objects here. $ - 4 gold pieces {0}. f - an unlabeled scroll {5}. You hear someone counting gold coins. You see here 11 gold pieces. $ - 11 gold pieces {0}. The door opens. You miss the giant rat. The giant rat bites! You kill the giant rat! You see here 4 gold pieces. $ - 4 gold pieces {0}. You try to move the boulder, but in vain. With great effort you move the boulder. You hear someone counting gold coins. You see here a swirly potion. s - a swirly potion {20}. You see here a two-handed sword. t - a two-handed sword {150}. You see here 7 gold pieces. $ - 7 gold pieces {0}. The door opens. You hear the footsteps of a guard on patrol. You swap places with your kitten. You swap places with your kitten. You hear some noises. The kitten drops an orcish helm. You swap places with your kitten. You swap places with your kitten. You see here an orcish helm. You see here an orcish dagger. You see here an orcish dagger. u - an orcish dagger {10}. You swap places with your kitten. You see here an orcish helm. You stop. Your kitten is in the way! You see here an orcish helm. v - an orcish helm {30}. You swap places with your kitten. What do you want to throw? [$ajnqtu or ?*] j In what direction? j The bone orcish dagger misses the gas spore. You see here a bone orcish dagger. j - a bone orcish dagger (at the ready) {3}. What do you want to throw? [$ajnqtu or ?*] u In what direction? k You kill the gas spore! You are caught in the gas spore's explosion! It is fatal. Do you want to see the dungeon overview? q Major events: Turn 1: Umbire the lawful dwarven Valkyrie entered the dungeon 51: hit with a wielded weapon for the first time 51: killed for the first time 96: ate for the first time - goblin corpse 96: consumed animal products for the first time, by eating a goblin corpse 253: entered new level 2, The Dungeons of Doom 314: entered a shop 541: entered new level 3, The Dungeons of Doom Inventory: Inventory: 427/925 weight (16/52 slots) Coins ('$') $ - 45 gold pieces {1} Weapons (')') a - an uncursed +1 long sword (alternate weapon; not wielded) {40} b - an uncursed +0 dagger (weapon in hand) {10} j - an uncursed +0 bone orcish dagger (at the ready) {3} n - a cursed +0 copper spear {31} q - 10 uncursed +0 bone ya {5} t - a blessed +0 two-handed sword {150} Armor ('[') c - an uncursed +3 small shield (being worn) {23} l - an uncursed rustproof +0 orcish helm (being worn) {23} v - an uncursed +0 orcish helm {30} Comestibles ('%') d - 2 uncursed food rations {40} Scrolls ('?') f - 2 uncursed scrolls of blank paper {10} Potions ('!') g - an uncursed potion of blindness {20} s - an uncursed potion of monster detection {20} Tools ('(') k - an uncursed mithril skeleton key {1} o - a cursed credit card {1} r - an uncursed oil lamp {20} Umbire the Valkyrie's attributes: Background: You were a Stripling, a level 1 dwarven Valkyrie. You were lawful, on a mission for Tyr who was opposed by Odin (neutral) and Loki (chaotic). You were bisexual. You were in the Dungeons of Doom, on level 3. You entered the dungeon 769 turns ago. You had 12 experience points, 8 more were needed to attain level 2. Your score was 193 before end-of-game adjustments. Basics: You had 0 out of 18 hit points. You had all 3 energy points (spell power). Your armor class was 5. Your wallet contained 45 zorkmids. Autopickup was off. Final Characteristics: Your strength was 18/01 (limit:18/100). Your dexterity was 10 (limit:20). Your constitution was 16 (limit:20). Your intelligence was 9 (limit:16). Your wisdom was 13 (limit:16). Your charisma was 8 (limit:16). Final Status: You were not hungry. You were unencumbered. You were wielding a dagger. You had basic skill with dagger. Final Attributes: You were fervently aligned. You were cold resistant. You had infravision. You were stealthy. You are dead. Miscellaneous: You never encountered a bones level. Total elapsed playing time was 16 minutes and 14 seconds. Vanquished creatures: a gas spore a giant rat a gnome zombie 5 jackals 2 goblins a sewer rat a lichen 2 newts 14 creatures vanquished. No species were genocided or became extinct. Voluntary challenges: You were an atheist. You were illiterate. You never genocided any monsters. You never polymorphed an object. You never changed form. You never touched an artifact. You used no wishes. You never scared an enemy with impunity. You were celibate. You never generated conflict. Achievement: You entered a shop. The Dungeons of Doom: levels 1 to 3 Level 1: Level 2: A jewelry shop. Level 3: <- You were here. Final resting place for you, killed by a gas spore's explosion. Game over: __________ / \ / REST \ / IN \ / PEACE \ / \ | Umbire | | 45 Au | | killed by a gas | | spore's | | explosion | | | | 2022 | *| * * * | * _________)/\\_//(\/(/\)/\//\/|_)_______ Farvel Umbire the Valkyrie... You died in The Dungeons of Doom on dungeon level 3 with 189 points, and 45 pieces of gold, after 769 moves. You were level 1 with a maximum of 18 hit points when you died.